[Event "Early-Titled-Tuesday-Blitz-February-13-2024"]
[Site "Chess.com"]
[Date "2024.02.13"]
[Round "5"]
[White "aghasiyevkamal"]
[Black "db-banana"]
[Result "1-0"]
[WhiteElo "2627"]
[BlackElo "2486"]
[TimeControl "180+1"]
[EndTime "9:00:24 PST"]
[Termination "aghasiyevkamal won by resignation"]

1. d4 Nf6 2. c4 e6 3. Nf3 b6 4. g3 Ba6 5. Nbd2 d5 6. Bg2 Be7 7. O-O O-O 8. b3 Nbd7 9. Bb2 Rc8 10. e4 dxe4 11. Ne5 Nxe5 12. dxe5 Nd7 13. Nxe4 Nc5 14.
Qh5 Nxe4 15. Bxe4 g6 16. Qe2 c5 17. Bc1 Qc7 18. Bh6 Rfd8 19. Bf3 Bb7 20. Bxb7 Qxb7 21. Rad1 Rd4 22. Be3 Rd7 23. Rxd7 Qxd7 24. Rd1 Qc7 25.
Qf3 Rd8 26. Rxd8+ Bxd8 27. Qa8 Kg7 28. h4 Be7 29. h5 h6 30. hxg6 fxg6 31. Bxh6+ Kh7 32.
Bf4 g5 33. Qe4+ Kg7 34. Be3 Qd7 35. Qg4 Qd3 36. Bxg5 Qb1+ 37. Kg2 Qg6 38. Bf6+ Bxf6 39. exf6+ Kxf6 40. Qxg6+ Kxg6 41. Kf3 Kf5 42. g4+ Kg5 43.
Kg3 e5 44. f3 a6 45. a3 b5 46. a4 bxa4 47. bxa4 a5 48. f4+ exf4+ 49. Kf3 Kg6 50. Kxf4 Kf6 51. Ke4 Kg5 52. Kd5 Kxg4 53. Kxc5 1-0

[Event "Early-Titled-Tuesday-Blitz-February-13-2024"]
[Site "Chess.com"]
[Date "2024.02.13"]
[Round "5"]
[White "hsd2016"]
[Black "BursaBBSatranc"]
[Result "1-0"]
[WhiteElo "2337"]
[BlackElo "2668"]
[TimeControl "180+1"]
[EndTime "9:00:27 PST"]
[Termination "hsd2016 won by resignation"]

1. d4 d5 2. c4 c6 3. Nc3 Nf6 4. Nf3 a6 5. e3 b5 6. c5 Bg4 7. Be2 Nbd7 8. O-O g6 9. Ne5 Bxe2 10. Qxe2 Nxe5 11. dxe5 Nd7 12. e6 fxe6 13. Qg4 Kf7 14. e4 d4 15. Ne2 Bg7 16. Nf4 Nxc5 17. b4 e5 18. Nh3 Ne6 19. f4 Qd7 20. f5 gxf5 21.
exf5 Nc7 22. Ng5+ Kg8 23. Ne6 Nxe6 24. fxe6 Qe8 25. Rf7 Qxf7 26. exf7+ Kxf7 27. Bg5 Rad8 28. Rf1+ Bf6 29. Qh5+ Ke6 30. Qg4+ Kf7 31. Qf5 Rd6 32. Qxe5 Rhd8 33. Bxf6 exf6 34. Qh5+ Kg7 35. Qg4+ Kh8 36. Rd1 d3 37. Rd2 Re8 38. Qf3 Red8 39. a3 Kg7 40.
Kf2 Kf7 41. Qh5+ Kg8 42. Qf5 R8d7 43. Ke3 Re7+ 44. Kf3 Red7 45. h4 Kf7 46. h5 Ke7 47. Qxh7+ Ke8 48. Qg6+ Ke7 49. h6 1-0

[Event "Early-Titled-Tuesday-Blitz-February-13-2024"]
[Site "Chess.com"]
[Date "2024.02.13"]
[Round "5"]
[White "nfds"]
[Black "Pertinhez76"]
[Result "1-0"]
[WhiteElo "2485"]
[BlackElo "2166"]
[TimeControl "180+1"]
[EndTime "9:00:27 PST"]
[Termination "nfds won by resignation"]

1. d4 Nf6 2. e3 d6 3. Nf3 g6 4. b3 Bg7 5. Bb2 O-O 6. Nbd2 b6 7. Be2 Bb7 8. O-O Nbd7 9. c4 Re8 10. Rc1 e5 11. b4 c5 12. bxc5 bxc5 13. Nb3 e4 14. Nfd2 Qc7 15. Qc2 a5 16. a4 Bc6 17. Ra1 cxd4 18.
Bxd4 Rec8 19. Rfc1 h5 20. h3 Nc5 21. Qc3 Ne8 22. Bxg7 Nxg7 23. Nd4 Nge6 24. Qc2 Qd7 25. Nb5 f5 26. Nb3 Rd8 27. N3d4 d5 28. Nxc6 Qxc6 29. cxd5 Qxd5 30. Bc4 Qd2 31. Nc7 Qxc2 32. Rxc2 Kf7 33. Nxa8 Rxa8 34. Rb1 Ra7 35. Rb6 Re7 36. Bd5 Nd3 37. Rcc6 Nb4 38. Bxe6+ Kg7 39. Rd6 Rc7 40. Rd7+ Rxd7 41. Bxd7 h4 42. Rb5 Nd3 43. Rxa5 Kf6 44.
Ra7 g5 45. a5 f4 46. Ra6+ Ke5 47.
Rc6 Nb4 48. a6 g4 49. a7 g3 50. a8=Q gxf2+ 51. Kxf2 Nd3+ 52. Ke2 fxe3 53. Re6+ Kf4 54.
Qxe4+ Kg3 55. Qg4+ Kh2 56. Kxd3 e2 57. Rxe2 Kg1 58.
g3 Kh1 59. Qf3+ 1-0

[Event "Early-Titled-Tuesday-Blitz-February-13-2024"]
[Site "Chess.com"]
[Date "2024.02.13"]
[Round "5"]
[White "Statham_01"]
[Black "ploxoi"]
[Result "1/2-1/2"]
[WhiteElo "2581"]
[BlackElo "2448"]
[TimeControl "180+1"]
[EndTime "9:00:28 PST"]
[Termination "Game drawn by repetition"]

1. e4 c5 2. Nf3 e6 3. c3 d5 4. exd5 Qxd5 5. Na3 Nc6 6. d4 Nf6 7. Nb5 Qd8 8. dxc5 Bxc5 9. Qxd8+ Kxd8 10. Bf4 Ne4 11.
Bg3 Nxg3 12. hxg3 Ke7 13. Bd3 a6 14. Nbd4 Nxd4 15. Nxd4 Bxd4 16. cxd4 h6 17. Rc1 Bd7 18. Kd2 Bc6 19. f3 Rhd8 20. Ke3 Rd7 21. Be4 Bd5 22. Bxd5 Rxd5 23. Rc7+ Rd7 24. Rhc1 Rd8 25. g4 Kd6 26. R7c5 Ke7 27. Rc7 Kf6 28. Rxd7 Rxd7 29. Rc5 Ke7 30. a4 Kd8 31. Ke4 Rc7 32. b4 b6 33. Rxc7 Kxc7 34. Ke5 Kc6 35. f4 Kd7 36. d5 f6+ 37. Ke4 Kd6 38. dxe6 Kxe6 39. f5+ Kd6 40. Kd4 b5 41. a5 Kc6 42. Ke4 Kd6 43. Kd4 Kc6 44. Ke4 Kd6 45. g3 Kc6 46. Kd4 Kd6 47. Ke4 Kc6 48. Kd4 Kd6 49. Ke4 1/2-1/2

[Event "Early-Titled-Tuesday-Blitz-February-13-2024"]
[Site "Chess.com"]
[Date "2024.02.13"]
[Round "5"]
[White "Sofia_Blokhin"]
[Black "sharkarton"]
[Result "0-1"]
[WhiteElo "2253"]
[BlackElo "2545"]
[TimeControl "180+1"]
[EndTime "9:00:30 PST"]
[Termination "sharkarton won by resignation"]

1. d4 d5 2. c4 e6 3. Nc3 a6 4.
cxd5 exd5 5. e3 Nf6 6. Nf3 Bd6 7. Bd3 O-O 8. O-O Bg4 9. h3 Bh5 10. Re1 Nbd7 11. Qc2 Re8 12. e4 dxe4 13. Nxe4 Nxe4 14. Bxe4 Bg6 15. Bxg6 Rxe1+ 16. Nxe1 hxg6 17. Be3 Nb6 18. Nf3 Nd5 19. Qe4 Qd7 20. Ng5 Nf6 21. Qh4 Qa4 22. b3 Qb4 23. Rd1 Rd8 24. Bd2 Qb5 25. Bc3 Qd5 26.
Re1 Qf5 27. Re5 Bxe5 28. dxe5 Nh5 29. g4 Rd1+ 30. Kh2 Qc2 31. gxh5 Qxc3 32. hxg6 Qxe5+ 33. Kg2 fxg6 34. Qc4+ Qd5+ 35. Qxd5+ Rxd5 36. Ne4 Rd4 37. Kf3 Rd3+ 38. Kf4 Rxh3 39. Kg5 Rh1 40. Kxg6 Ra1 41. Nc3 Rc1 42. Nd5 Rc2 43. Ne7+ Kf8 44. Nd5 Rxf2 45.
Nxc7 Rxa2 46. Ne6+ Ke7 47. Nc5 Rb2 48. Nxb7 Rxb3 49. Na5 Rb5 50. Nc6+ Kd6 51. Nd4 Kc5 52. Ne6+ Kc4 53. Kxg7 a5 54. Kf6 a4 55. Nc7 a3 56. Nxb5 Kxb5 0-1

[Event "Early-Titled-Tuesday-Blitz-February-13-2024"]
[Site "Chess.com"]
[Date "2024.02.13"]
[Round "5"]
[White "dianamirza"]
[Black "Jamal-Jamal-Jamal"]
[Result "1-0"]
[WhiteElo "1970"]
[BlackElo "2315"]
[TimeControl "180+1"]
[EndTime "9:00:30 PST"]
[Termination "dianamirza won by checkmate"]

1. d4 f5 2. Nf3 Nf6 3. e3 e6 4. Bd3 d5 5. b3 Bd6 6. Bb2 b6 7.
Nbd2 O-O 8. O-O c5 9. c4 Bb7 10. Ne5 Nbd7 11. f4 Ne4 12. Ndf3 Rc8 13. Nxd7 Qxd7 14.
Ne5 Bxe5 15. dxe5 dxc4 16. Bxc4 Qe7 17. Qe2 Rfd8 18. Rad1 h6 19. Ba1 Kh7 20. Rd3 Rxd3 21. Bxd3 Rd8 22. Rd1 Qh4 23. Bxe4 Rxd1+ 24. Qxd1 Bxe4 25.
Qe2 b5 26. Qf2 Qg4 27. Qd2 a5 28. a3 Kg6 29. b4 axb4 30. axb4 cxb4 31. Bb2 Kh7 32.
h3 Qh5 33. Kf2 Qg6 34. Kf1 b3 35. Qc3 Qxg2+ 36. Ke1 Qg3+ 37. Kd2 Qxh3 38. Qxb3 Qg2+ 39. Kc3 Qe2 40. Kd4 Qd2+ 41. Kc5 Bd5 42. Qc3 Qe2 43. Kd6 Qh5 44. Qc7 Qe8 45. Kc5 Qf8+ 46. Qd6 Qxd6+ 47. exd6 e5 48. d7 Bf7 49. d8=Q exf4 50. exf4 h5 51. Qd4 Bg6 52. Qxg7# 1-0

[Event "Early-Titled-Tuesday-Blitz-February-13-2024"]
[Site "Chess.com"]
[Date "2024.02.13"]
[Round "5"]
[White "EvgenyBurmakin"]
[Black "Alblooshi_Hamad"]
[Result "0-1"]
[WhiteElo "2389"]
[BlackElo "2230"]
[TimeControl "180+1"]
[EndTime "9:00:30 PST"]
[Termination "Alblooshi_Hamad won on time"]

1. e4 e6 2. d4 d5 3. Nd2 c5 4.
Ngf3 cxd4 5. exd5 Qxd5 6. Bc4 Qd6 7. O-O Nf6 8. Re1 Nc6 9. Nb3 a6 10. a4 Qc7 11. Bf1 Bd6 12. g3 O-O 13. Nbxd4 Nxd4 14. Qxd4 b6 15. c3 Bb7 16. Bg2 Rfd8 17. Qh4 Be7 18.
Bg5 h6 19. Bf4 Qc6 20. Bxh6 gxh6 21. Qxh6 Qc5 22. Re5 Ng4 23. Rxc5 Nxh6 24. Rc7 Bxf3 25.
Bxf3 Bd6 26. Rb7 Rab8 27. Ra7 a5 28. Kf1 Bc5 29. Ke2 Nf5 30. Rb1 Kf8 31. h4 Rd6 32.
h5 Rbd8 33. Kf1 Rd2 34. Be2 Rc2 35. b4 axb4 36. cxb4 Be7 37. a5 bxa5 38. bxa5 Rdd2 39. Re1 Nd4 40. h6 Bf6 41. Ra8+ Ke7 42. h7 Nxe2 43. h8=Q Bxh8 44. Rxh8 Nc3 0-1

[Event "Early-Titled-Tuesday-Blitz-February-13-2024"]
[Site "Chess.com"]
[Date "2024.02.13"]
[Round "5"]
[White "djano"]
[Black "Philosopherrr"]
[Result "1/2-1/2"]
[WhiteElo "2659"]
[BlackElo "2418"]
[TimeControl "180+1"]
[EndTime "9:00:32 PST"]
[Termination "Game drawn by agreement"]

1. e4 c6 2. d4 d5 3. exd5 cxd5 4. Bd3 Nc6 5. c3 Nf6 6. Bf4 g6 7. Nf3 Bg7 8. O-O O-O 9. Re1 Bg4 10. Nbd2 e6 11. Qb3 Qb6 12. h3 Bxf3 13. Nxf3 Nd7 14. Re2 Na5 15. Qa4 Rfd8 16. Bg5 Bf6 17. h4 Kg7 18. g3 h6 19. Bf4 Nc6 20. Rae1 a6 21.
Kg2 Rac8 22. a3 Na5 23. Qd1 Nc4 24. Qc1 Rh8 25. Nh2 Bd8 26. Ng4 h5 27. Nh2 Bc7 28.
Bg5 Qc6 29. Nf3 Rce8 30. b3 Nd6 31. Ne5 Nxe5 32. dxe5 Ne4 33. Bxe4 dxe4 34. Bf6+ Kh7 35. Rxe4 Rhg8 36. g4 Bd8 37. Qf4 Bxf6 38. Qxf6 Rg7 39. Re3 hxg4 40. Kg3 Qb5 41. c4 Qc5 42. b4 Qe7 43.
Qxe7 Rxe7 44. Rd3 Rc7 45. c5 Rg8 46. Red4 Kg7 47. Rd7 Rgc8 48. Kxg4 a5 49. R7d6 axb4 50. axb4 Ra8 51. Rb6 Ra4 52. Rd4 Rxc5 53. bxc5 Rxd4+ 54. f4 Rc4 55. Rxb7 Rxc5 56. Ra7 Rc1 57. Rb7 Rg1+ 58. Kh3 Rf1 59. Kg3 Rg1+ 60. Kf3 Rd1 61. Kg3 Kf8 62. Rb8+ Kg7 63. Rb7 Rg1+ 64. Kf3 1/2-1/2

[Event "Early-Titled-Tuesday-Blitz-February-13-2024"]
[Site "Chess.com"]
[Date "2024.02.13"]
[Round "5"]
[White "Gerodot71"]
[Black "MatthewG-p4p"]
[Result "1-0"]
[WhiteElo "2632"]
[BlackElo "2821"]
[TimeControl "180+1"]
[EndTime "9:00:33 PST"]
[Termination "Gerodot71 won on time"]

1. e4 e6 2. d4 d5 3. e5 c5 4. c3 Qb6 5. Nf3 Nc6 6. Bd3 cxd4 7.
O-O Bd7 8. Re1 Rc8 9. h4 Nh6 10. Nbd2 dxc3 11. bxc3 Ng4 12. Re2 Bc5 13. Qe1 Na5 14. Rb1 Qc7 15. Nf1 Nc4 16. Bf4 h5 17. Bg3 Bb6 18. Nd4 Ba5 19. Rc1 a6 20. Nh2 Na3 21.
Nxg4 hxg4 22. Qd1 b5 23. Re3 Nc4 24. Bxc4 Qxc4 25. Qxg4 g6 26. Rf3 Bd8 27. Qf4 Rf8 28.
Qh6 Be7 29. Bf4 b4 30. Bd2 Bc5 31. Nb3 Bb6 32. cxb4 Qg4 33. Rxc8+ Bxc8 34. Rc3 Bd7 35.
Be3 Qd1+ 36. Kh2 Bd8 37. Bg5 Rg8 38. Bxd8 Kxd8 39. Qg5+ Ke8 40. Rc7 Qh5 41. Qf6 Qf5 42.
Nc5 Qxf6 43. exf6 e5 44. Rxd7 Rh8 45. Re7+ Kd8 46. Rxf7 Rxh4+ 47. Kg3 Ke8 48. Re7+ Kf8 49. Ne6+ Kg8 50. f7+ 1-0

[Event "Early-Titled-Tuesday-Blitz-February-13-2024"]
[Site "Chess.com"]
[Date "2024.02.13"]
[Round "5"]
[White "AwareIdea"]
[Black "ansko1999"]
[Result "1-0"]
[WhiteElo "2525"]
[BlackElo "2669"]
[TimeControl "180+1"]
[EndTime "9:00:33 PST"]
[Termination "AwareIdea won on time"]

1. d4 Nf6 2. c4 e6 3. g3 Bb4+ 4. Bd2 c5 5. Bxb4 cxb4 6. Bg2 a5 7. a3 bxa3 8. Nxa3 Na6 9. Nf3 d6 10. O-O O-O 11. Qb3 Nb4 12. Nb5 Rb8 13. Rfd1 b6 14. Rac1 Qe7 15. Nd2 Ba6 16. Na3 Rfc8 17. e3 g6 18. Nc2 Nc6 19. Qa3 d5 20. Qxe7 Nxe7 21. Na3 Kf8 22. b3 h5 23. Bf1 dxc4 24. bxc4 Nc6 25. Rb1 Nb4 26. Rdc1 Rc7 27. Rb2 Rbc8 28. Rcb1 Ne8 29. Nc2 Nxc2 30. Rxc2 Rc6 31. Rcb2 Nd6 32.
Rxb6 Nxc4 33. Rxc6 Rxc6 34. Rc1 Nxd2 35. Rxc6 Bxf1 36.
Rc2 Bc4 37. Rxd2 a4 38. Rc2 Bb3 39. Rc7 a3 40. Ra7 a2 41. Kf1 Kg7 42. f3 Kf6 43. Ke2 g5 44. e4 g4 45. f4 Kg6 46. Kd2 f5 47. e5 Bd5 48. Kc3 1-0

[Event "Early-Titled-Tuesday-Blitz-February-13-2024"]
[Site "Chess.com"]
[Date "2024.02.13"]
[Round "5"]
[White "Abund"]
[Black "pooh2012"]
[Result "1-0"]
[WhiteElo "2762"]
[BlackElo "2563"]
[TimeControl "180+1"]
[EndTime "9:00:34 PST"]
[Termination "Abund won on time"]

1. Nf3 Nf6 2. g3 b5 3. Bg2 Bb7 4. O-O e6 5. d3 Be7 6. a4 b4 7.
Nbd2 a5 8. e4 d6 9. Qe2 O-O 10.
Nc4 Nfd7 11. c3 c5 12. Bf4 Nb6 13. Nfd2 Nc6 14. Rfd1 Nxc4 15. Nxc4 Ba6 16. h4 Qc7 17. h5 h6 18. Qg4 Kh8 19. Rac1 Bxc4 20. dxc4 Ne5 21.
Qe2 bxc3 22. bxc3 Rab8 23. Rb1 Qc6 24. Rb5 Rxb5 25. cxb5 Qc7 26. Bc1 c4 27. Be3 Nd3 28. Qa2 Bg5 29. Qd2 Bxe3 30. Qxe3 Rb8 31. Bf1 Nc5 32. Ra1 d5 33. exd5 exd5 34. Bg2 Qd6 35. Ra2 Nd3 36. Qd4 Rd8 37. Re2 Qc5 38. Qxc5 Nxc5 39.
Re5 Nxa4 40. Rxd5 Rb8 41. Rd4 Nxc3 42. Rxc4 Nxb5 43. Ra4 Nd6 44. Rxa5 Rb5 45. Ra6 Nf5 46. Be4 Kh7 47. g4 g6 48. gxf5 1-0

[Event "Early-Titled-Tuesday-Blitz-February-13-2024"]
[Site "Chess.com"]
[Date "2024.02.13"]
[Round "5"]
[White "Witty_Alien"]
[Black "noblerone"]
[Result "1-0"]
[WhiteElo "2302"]
[BlackElo "2487"]
[TimeControl "180+1"]
[EndTime "9:00:34 PST"]
[Termination "Witty_Alien won by resignation"]

1. e4 c5 2. Nf3 e6 3. d4 cxd4 4. c3 Nf6 5. e5 Nd5 6. cxd4 d6 7. Bd3 Be7 8. Nc3 Nxc3 9. bxc3 Qc7 10. O-O Nd7 11. Ng5 dxe5 12. Qh5 g6 13. Qf3 O-O 14. Qh3 Nf6 15. Qh6 exd4 16. cxd4 Rd8 17. d5 Bf8 18. Qh4 Bg7 19. dxe6 Bxe6 20. Nxe6 fxe6 21. Be2 Re8 22. Bg5 Nd5 23. Rac1 Qd6 24. Bf3 Rac8 25. Rcd1 Qe5 26. Rfe1 Qf5 27. Be4 Qf7 28. Qh3 Nc3 29. Rd4 Nxe4 30. Rdxe4 e5 31. f4 b6 32. fxe5 Qe6 33.
Qg3 Rc4 34. Rxc4 Qxc4 35. h4 Qc5+ 36. Qf2 Qf8 37. Qxf8+ Bxf8 38. e6 Be7 39. Bf4 Bf6 40. g3 Be7 41. Kf2 Bc5+ 42. Kf3 Kg7 43. Kg4 Be7 44.
h5 Bf6 45. h6+ Kg8 46. Bg5 Bxg5 47. Kxg5 Kf8 48. Kf6 Kg8 49. e7 b5 50. Rd1 1-0

[Event "Early-Titled-Tuesday-Blitz-February-13-2024"]
[Site "Chess.com"]
[Date "2024.02.13"]
[Round "5"]
[White "kpio91"]
[Black "maxip32"]
[Result "1/2-1/2"]
[WhiteElo "2890"]
[BlackElo "2667"]
[TimeControl "180+1"]
[EndTime "9:00:35 PST"]
[Termination "Game drawn by agreement"]

1. e4 e6 2. d3 c5 3. g3 Nc6 4. Bg2 g6 5. Nc3 Bg7 6. Be3 d6 7. Nge2 Nge7 8. O-O O-O 9. d4 b6 10. Qd2 Ba6 11. Rfd1 Qc7 12. a4 Rad8 13. Nb5 Qb8 14. Bh6 d5 15. Bxg7 Kxg7 16. dxc5 bxc5 17. Qc3+ Qe5 18. Qxc5 Qxb2 19. Ned4 Bxb5 20. axb5 Nxd4 21. Qxd4+ Qxd4 22. Rxd4 dxe4 23. Rda4 Rb8 24. c4 Rfc8 25. Bxe4 Kf6 26. Bd3 Nf5 27. Rxa7 Nd6 28. Rd7 Nxc4 29.
Bxc4 Rxc4 30. Raa7 Rf8 31. b6 Rb4 32. b7 Rb8 33. f4 Rb2 34. Kf1 h5 35. h4 e5 36.
fxe5+ Ke6 37. Rc7 Kxe5 38. Rxf7 Ke4 39. Ke1 Ke3 40. Re7+ Kf3 41. Ra3+ Kg4 42. Re4+ Kh3 43. g4+ Kxh4 44. gxh5+ Kxh5 45. Ra5+ Kh6 46. Rh4+ Kg7 47. Ra7 R8xb7 48. Rxb7+ Rxb7 49. Kf2 Rb3 50. Kg2 Kf6 51. Rf4+ Kg5 52. Ra4 Kh5 53. Rc4 g5 54. Rd4 g4 55.
Rd8 1/2-1/2

[Event "Early-Titled-Tuesday-Blitz-February-13-2024"]
[Site "Chess.com"]
[Date "2024.02.13"]
[Round "5"]
[White "atomicmate123"]
[Black "doctorcristian"]
[Result "1-0"]
[WhiteElo "2364"]
[BlackElo "2601"]
[TimeControl "180+1"]
[EndTime "9:00:35 PST"]
[Termination "atomicmate123 won by resignation"]

1. e4 c6 2. d4 d5 3. exd5 cxd5 4.
Bd3 Nf6 5. Bf4 Nc6 6. c3 g6 7.
Nd2 Bg7 8. Ngf3 O-O 9. O-O Bf5 10. Bxf5 gxf5 11. Ne5 Rc8 12. Ndf3 Ne4 13. Nxc6 Rxc6 14.
Ne5 Bxe5 15. Bxe5 Rg6 16. Qh5 e6 17. f3 Nf6 18. Qh4 Nd7 19. Qxd8 Rxd8 20. f4 Rc8 21.
Bd6 Rc6 22. Ba3 Nf6 23. Rac1 Ne4 24. Bb4 f6 25. b3 Rg7 26. c4 Rgc7 27. c5 b6 28. Rc2 bxc5 29. dxc5 Rb7 30. Ba3 a5 31. Rf3 Kf7 32. Rh3 Ke8 33. Bb2 Rf7 34. a3 Rxc5 35. Rxc5 Nxc5 36. Bd4 Ne4 37. Bb6 a4 38. bxa4 Kd7 39. a5 Kc6 40. Bd4 Kb5 41. Bb6 e5 42. Rb3+ Ka6 43. Bd8 d4 44. Rb6+ Ka7 45. fxe5 fxe5 46.
Rb5 Rd7 47. Bb6+ Ka6 48. Rxe5 d3 49. Re6 d2 50. Be3+ Kxa5 51. Re5+ Ka4 52. Bxd2 Rxd2 53. h3 Rd1+ 54. Kh2 Rf1 55. g4 Rf2+ 56. Kg1 Rf3 57.
Kg2 Rg3+ 58. Kh2 Rf3 59. gxf5 Ng5 60. Kg2 Rxa3 61. f6 Kb4 62. Rxg5 Ra6 63. Rf5 Ra8 64. f7 Rf8 65. Kg3 Kc4 66. Kg4 Kd4 67. Kg5 Ke4 68.
Rf1 Ke5 69. Kh6 Ke6 70. Kg7 Ke7 71. Re1+ 1-0

[Event "Early-Titled-Tuesday-Blitz-February-13-2024"]
[Site "Chess.com"]
[Date "2024.02.13"]
[Round "5"]
[White "Ready4abattle"]
[Black "martinmena"]
[Result "1-0"]
[WhiteElo "2245"]
[BlackElo "2111"]
[TimeControl "180+1"]
[EndTime "9:00:35 PST"]
[Termination "Ready4abattle won on time"]

1. e4 c6 2. d4 d5 3. e5 Bf5 4. Nd2 e6 5. Nb3 Ne7 6. Nf3 h5 7. Bd2 Bg6 8. a4 a5 9. c4 dxc4 10. Bxc4 Nd5 11. O-O Na6 12. Bxa5 b6 13. Bd2 Nab4 14.
Qe2 Be7 15. Rfc1 Nc2 16. Ra2 Ncb4 17. Bxb4 Nxb4 18. Raa1 h4 19. h3 Bf5 20. Qd2 g5 21. Qc3 g4 22. hxg4 Bxg4 23. Nbd2 h3 24. g3 c5 25. Bb5+ Kf8 26. Kh2 Qd5 27. Bc4 Qc6 28. Rg1 Rd8 29. Be2 cxd4 30. Nxd4 Qxc3 31. bxc3 Bxe2 32.
cxb4 Bd3 33. N2f3 Be4 34. Rge1 Bxf3 35. Nxf3 Bxb4 36. Re3 Bc5 37. Rb3 Kg7 38. Ng5 Rb8 39. Nf3 Rhf8 40. Ra2 Be7 41. Kxh3 Bc5 42. Kg2 Rh8 43.
Rab2 Rh5 44. a5 Bxf2 45. Kxf2 Rf5 46. axb6 Rb7 47. Rc3 f6 48. Rc7+ Rxc7 49. bxc7 fxe5 50. c8=Q Rf8 51. Rb7+ Kg6 52. Qxe6+ 1-0

[Event "Early-Titled-Tuesday-Blitz-February-13-2024"]
[Site "Chess.com"]
[Date "2024.02.13"]
[Round "5"]
[White "lachesisQ"]
[Black "jakopogi"]
[Result "1-0"]
[WhiteElo "3054"]
[BlackElo "2734"]
[TimeControl "180+1"]
[EndTime "9:00:36 PST"]
[Termination "lachesisQ won by resignation"]

1. e4 e5 2. f4 d6 3. Nc3 Nc6 4. Bb5 Bd7 5. d3 g6 6. Nf3 Bg7 7. O-O Nge7 8. Qe1 Nd4 9. Nxd4 exd4 10. Bxd7+ Qxd7 11. Ne2 f5 12. exf5 gxf5 13. c3 dxc3 14. bxc3 O-O-O 15. Qf2 Kb8 16. a4 Rde8 17. Be3 Nc8 18.
Bd4 Rhg8 19. a5 c5 20. Bxg7 Rxg7 21. a6 b6 22. Ng3 Rge7 23. Rfe1 Rxe1+ 24. Rxe1 Rxe1+ 25. Qxe1 Qb5 26. Nxf5 Qxd3 27. Ng7 b5 28. f5 b4 29. cxb4 Qd4+ 30. Qf2 Qa1+ 31. Qf1 Qxg7 32. f6 Qf7 33. bxc5 Kc7 34. Qf4 Kd7 35. Qg4+ Kd8 36. c6 Nb6 37. Qg7 Ke8 38. Qg5 Qe6 39. g3 Qe1+ 40.
Kg2 Qe4+ 41. Kh3 Qe6+ 42. g4 Nd5 43. Qh5+ Qf7 44. Qf5 Nb6 45. g5 Qb3+ 46. Kh4 Qc4+ 47. Kh5 Qe2+ 48. Kh6 Nc4 49. Qd7+ 1-0

[Event "Early-Titled-Tuesday-Blitz-February-13-2024"]
[Site "Chess.com"]
[Date "2024.02.13"]
[Round "5"]
[White "Leebit02"]
[Black "NastyaHn"]
[Result "0-1"]
[WhiteElo "2543"]
[BlackElo "2398"]
[TimeControl "180+1"]
[EndTime "9:00:36 PST"]
[Termination "NastyaHn won on time"]

1. d4 d5 2. c4 e6 3. Nf3 Nf6 4.
g3 Be7 5. Bg2 O-O 6. O-O dxc4 7.
Qc2 a6 8. a4 Bd7 9. Qxc4 Bc6 10. Bf4 Bd6 11. Qc1 Nbd7 12. Nc3 Nd5 13. Bg5 Be7 14.
h4 h6 15. Bd2 Nxc3 16. bxc3 Nf6 17. Rd1 Be4 18. c4 Rc8 19. Bc3 c6 20. Qb2 Qc7 21. a5 Rfd8 22. Qb3 c5 23. Rac1 cxd4 24. Bxd4 Nd7 25. Qe3 Bc6 26. Ra1 Bf6 27. Bxf6 Nxf6 28. Ne5 Bxg2 29. Kxg2 Rxd1 30. Rxd1 Qxa5 31. Rd4 Qc7 32. f3 a5 33. Nd3 b6 34. g4 Nh7 35.
Re4 a4 36. Qc1 Ra8 37. Qa3 Nf6 38. Rd4 Nd7 39. g5 Nc5 40. gxh6 gxh6 41. Rg4+ Kh7 42. Nf4 Qe5 43. Qc1 a3 44. Qc2+ Qf5 45. e4 Qe5 46. Nh3 Qb2 0-1

[Event "Early-Titled-Tuesday-Blitz-February-13-2024"]
[Site "Chess.com"]
[Date "2024.02.13"]
[Round "5"]
[White "DIMONBANAN"]
[Black "OhanyanEminChess"]
[Result "0-1"]
[WhiteElo "2575"]
[BlackElo "2810"]
[TimeControl "180+1"]
[EndTime "9:00:38 PST"]
[Termination "OhanyanEminChess won by resignation"]

1. e4 c5 2. Nf3 e6 3. d4 cxd4 4. Nxd4 Nf6 5. Nc3 Nc6 6. Nxc6 bxc6 7. e5 Nd5 8. Nxd5 cxd5 9. Bd3 d6 10. Bf4 Be7 11. O-O O-O 12. Qh5 g6 13. Qe2 Bb7 14.
Rfd1 dxe5 15. Bxe5 Bf6 16. Rac1 Bxe5 17. Qxe5 Rc8 18.
h3 Qc7 19. Qe3 Qb6 20. Qxb6 axb6 21. c4 Ba6 22. Bf1 Bxc4 23. Bxc4 Rxc4 24. Rxc4 dxc4 25.
Rd6 Ra8 26. Rxb6 Rxa2 27. Rb4 Ra1+ 28. Kh2 Rc1 29. b3 c3 30. Rc4 Kg7 31. b4 Kf6 32. b5 Rb1 33. Rxc3 Rxb5 34. Rf3+ Rf5 35. Ra3 Rxf2 36. Kg3 Rb2 37. Ra8 h5 38. Ra3 g5 39.
Rf3+ Kg6 40. Ra3 f5 41. Kf3 Kf6 42. Rc3 g4+ 43. hxg4 hxg4+ 44. Kg3 Kg5 45. Ra3 f4+ 46. Kh2 f3 47. Kg1 Rxg2+ 48. Kh1 Re2 49. Kg1 e5 50. Ra8 Kf4 51. Kf1 Rb2 52. Ra1 g3 53. Kg1 e4 54.
Rf1 Rg2+ 55. Kh1 Rh2+ 56. Kg1 f2+ 57. Rxf2+ Rxf2 58. Kh1 e3 59. Kg1 Kf3 0-1

[Event "Early-Titled-Tuesday-Blitz-February-13-2024"]
[Site "Chess.com"]
[Date "2024.02.13"]
[Round "5"]
[White "Slovineanu"]
[Black "szefru"]
[Result "0-1"]
[WhiteElo "2421"]
[BlackElo "2275"]
[TimeControl "180+1"]
[EndTime "9:00:38 PST"]
[Termination "szefru won on time"]

1. d4 Nf6 2. Nf3 g6 3. Nbd2 Bg7 4. e4 d6 5. Bb5+ c6 6. Bd3 O-O 7.
O-O Nbd7 8. Re1 e5 9. dxe5 dxe5 10. a4 Re8 11. a5 Nc5 12. Nc4 Nfxe4 13. Be3 Nxd3 14. cxd3 Nd6 15. Bc5 Nxc4 16. dxc4 Bg4 17. Qxd8 Raxd8 18. Bxa7 e4 19. Ng5 Bxb2 20. Ra2 Bc3 21.
Rb1 Rd7 22. h3 Bd1 23. h4 h6 24. Nh3 Ra8 25. Be3 Rxa5 26. Rxa5 Bxa5 27. Bxh6 Bc2 28.
Ra1 b6 29. Be3 c5 30. Nf4 Bc3 31. Rc1 Rd1+ 32. Rxd1 Bxd1 33. Nd5 Ba5 34. Bf4 Be2 35. Ne3 Bd3 36. Bc7 Kg7 37. f3 exf3 38. gxf3 Kf6 39. Kf2 Ke6 40. f4 Kd7 41. Be5 Bd2 42. Kf3 Bxe3 43.
Kxe3 Bxc4 44. f5 Kc6 45. fxg6 fxg6 46. Kd2 Kd5 47. Bg3 b5 48. Kc3 Be2 49. Bf2 b4+ 50. Kb3 Bd1+ 51. Kb2 Kc4 0-1

[Event "Early-Titled-Tuesday-Blitz-February-13-2024"]
[Site "Chess.com"]
[Date "2024.02.13"]
[Round "5"]
[White "KetiTsatsalashvili"]
[Black "Yeritsyaan"]
[Result "0-1"]
[WhiteElo "2466"]
[BlackElo "2614"]
[TimeControl "180+1"]
[EndTime "9:00:39 PST"]
[Termination "Yeritsyaan won on time"]

1. d4 Nf6 2. Nf3 g6 3. c4 Bg7 4. Nc3 O-O 5. e4 d6 6. Be2 e5 7.
O-O Nc6 8. d5 Ne7 9. Nd2 Nd7 10.
b4 a5 11. bxa5 Rxa5 12. a4 b6 13. Ba3 Re8 14. Bb4 Ra8 15. a5 c5 16. dxc6 Nxc6 17.
Bxd6 Rxa5 18. Rxa5 bxa5 19. Nd5 Nf6 20. c5 Nxd5 21.
exd5 Nd4 22. Bc4 Nf5 23. Ne4 Qh4 24. Qd3 Nd4 25. c6 Bf5 26. f3 Bh6 27. g3 Qd8 28. c7 Qa8 29. f4 Bg7 30. Nf6+ Bxf6 31. Qd2 e4 32. Be5 Bxe5 33. fxe5 Nf3+ 34. Rxf3 exf3 35. d6 Qa7+ 36. Qf2 Qxf2+ 37. Kxf2 Bd7 38. Ba6 Rxe5 39. c8=Q+ Bxc8 40. Bxc8 Rd5 41. d7 Kf8 42. Kxf3 Ke7 43. Ke4 Rd6 44. Ke5 a4 45. Bb7 Rxd7 46. Be4 Rd6 47.
Bc2 a3 48. Bb3 Rb6 49. Ba2 Rb2 50. Bc4 a2 0-1

[Event "Early-Titled-Tuesday-Blitz-February-13-2024"]
[Site "Chess.com"]
[Date "2024.02.13"]
[Round "5"]
[White "Hovik_Hayrapetyan"]
[Black "Timerkhanov"]
[Result "1-0"]
[WhiteElo "2898"]
[BlackElo "2661"]
[TimeControl "180+1"]
[EndTime "9:00:40 PST"]
[Termination "Hovik_Hayrapetyan won on time"]

1. d4 d5 2. c4 c6 3. Nf3 Nf6 4. Nc3 dxc4 5. a4 Bf5 6. e3 e6 7. Bxc4 Bb4 8. O-O O-O 9. Qe2 Bg6 10. Ne5 Nbd7 11. Nxg6 hxg6 12. Rd1 Qa5 13. Na2 Bd6 14. Bd2 Qc7 15. h3 e5 16. dxe5 Bxe5 17. Nc3 Rfe8 18.
Rac1 a5 19. Be1 Nc5 20. Qc2 Nfe4 21. Nxe4 Nxe4 22. Kf1 Nd6 23. Ba2 Kf8 24. Qc5 Kg8 25.
Qc2 Kh8 26. Bc3 Bxc3 27. bxc3 Ne4 28. Kg1 f5 29. Rd4 c5 30. Rd5 Rad8 31. Rcd1 Rxd5 32. Rxd5 Rd8 33. Qd3 Rxd5 34. Qxd5 Qc8 35. Qd3 Kh7 36. Bd5 Nf6 37. Bc4 b6 38. f3 Qc7 39. Kf2 Qe5 40.
g3 Nh5 41. f4 Qe7 42. Qd5 Nf6 43. Qa8 Qd7 44. Ke2 Qe7 45. Qc8 Qd6 46. g4 fxg4 47.
hxg4 1-0